 Dungeon Crawl Stone Soup version 0.27-a0-1219-g958d993ae5 (webtiles) character file.

Game seed: 4425519826262847265

54 siradein the Slasher (level 3, -4/27 HPs)
             Began as a Demonspawn Gladiator on June 7, 2021.
             Slain by a worm (5 damage)
             ... on level 2 of the Dungeon.
             The game lasted 00:02:46 (1038 turns).

siradein the Slasher (Demonspawn Gladiator)         Turns: 1038, Time: 00:02:47

Health: -4/27      AC: 10    Str: 15    XL:     3   Next: 66%
Magic:  3/3        EV:  4    Int:  9    God:
Gold:   50         SH:  0    Dex: 14    Spells: 2/2 levels left

rFire    . . .     SeeInvis .   a - +0 long sword
rCold    . . .     Faith    .   (no shield)
rNeg     . . .     Spirit   .   g - +0 plate armour
rPois    .         Reflect  .   (helmet restricted)
rElec    .         Harm     .   (no cloak)
rCorr    .         Rampage  .   (no gloves)
Will     .....                  (no boots)
Stlth    ..........             (no amulet)
HPRegen  0.09/turn              (no ring)
MPRegen  0.08/turn              (no ring)

@: lethally poisoned (-4 -> -5)
A: horns 2
a: no special abilities


You were on level 2 of the Dungeon.
You visited 1 branch of the dungeon, and saw 2 of its levels.

You collected 50 gold pieces.

Inventory:

Hand Weapons
 a - a +0 long sword (weapon)
Missiles
 d - 3 throwing nets (quivered)
Armour
 g - a +0 plate armour (worn)
Jewellery
 h - a ring of flight
Scrolls
 c - 2 scrolls of magic mapping {unknown}
 e - 4 scrolls of identify {unknown}
 f - a scroll of blinking {unknown}
Potions
 b - a potion of degeneration {unknown}
 i - a potion of heal wounds {unknown}
 j - a potion of haste {unknown}


   Skills:
 - Level 2.0 Fighting
 + Level 4.2 Long Blades
 - Level 1.7 Throwing
 - Level 2.6 Dodging


You had 2 spell levels left.
You didn't know any spells.
Your spell library was empty.

Dungeon Overview and Level Annotations

Branches:
Dungeon (2/15)

Altars:


Innate Abilities, Weirdness & Mutations

You have a pair of horns on your head.


Message History

The adder is moderately wounded.
You feel sick. The adder bites you but does no damage.
You closely miss the adder. Your headbutt misses the adder.
The adder is moderately wounded.
You feel sick. The adder barely misses you.
You riposte.
Your plate armour prevents you from hitting the adder.
You headbutt the adder.
The adder is heavily wounded.
The adder barely misses you.
You miss the adder.
The adder is heavily wounded.
You feel sick.
You are no longer poisoned.
The adder bites you but does no damage.
You miss the adder. You headbutt the adder.
The adder is heavily wounded.
The adder bites you but does no damage. x2
You barely miss the adder.
You headbutt the adder, but do no damage.
The adder is heavily wounded.
The adder barely misses you.
You riposte.
You closely miss the adder.
The adder is heavily wounded.
You miss the adder. Your headbutt misses the adder.
The adder is heavily wounded.
The adder bites you but does no damage. The adder bites you.
You are poisoned.
The adder poisons you!
You are too injured to fight recklessly!
Your plate armour prevents you from hitting the adder.
You headbutt the adder.
You kill the adder!
You feel sick.
You feel sick. The worm bites you!
* * * LOW HITPOINT WARNING * * *
You see here a bat corpse.
You slash the worm!
The worm is heavily wounded.
* * * LOW HITPOINT WARNING * * *
You feel sick. The worm bites you.
You die...

#.# #.# #.# #<#
##.# ##..# #
##.###...####.#
.......>.w@...#
###.#...######
#.##.## #.##.#
#.##.# #.##.#
###.##.#
##...##.#
#.####...###.###


You could see a worm.

Vanquished Creatures
  3 adders (D:2)
  A worm (D:2)
  3 endoplasms
  2 goblins (D:1)
  A hobgoblin (D:1)
  A quokka (D:2)
  2 ball pythons (D:1)
  4 bats
  3 frilled lizards
  3 kobolds (D:1)
  3 rats (D:1)
26 creatures vanquished.

Notes
Turn   | Place    | Note
-------+----------+-------------------------------------------
     0 | D:1      | siradein the Demonspawn Gladiator began the quest for the
                  | Orb.
     0 | D:1      | Reached XP level 1. HP: 16/16 MP: 1/1
    51 | D:1      | Reached skill level 3 in Long Blades
   136 | D:1      | Found a faded altar of an unknown god.
   165 | D:1      | Gained mutation: You have a pair of small horns on your
                  | head. [demonic ancestry]
   165 | D:1      | Reached XP level 2. HP: 22/22 MP: 2/2
   721 | D:2      | Noticed an ogre
   809 | D:2      | Gained mutation: You have a pair of horns on your head.
                  | [demonic ancestry]
   809 | D:2      | Reached XP level 3. HP: 27/27 MP: 3/3
   944 | D:2      | Reached skill level 4 in Long Blades
  1038 | D:2      | HP: 1/27 [poisoned by an adder]
  1038 | D:2      | Slain by a worm

Illustrated notes

Levels and vault maps discovered:
D:1:      psy_arrival_statuary, layout_rooms,
          hellmonk_ecumenical_altar_heavens_door, nrook_mini_backslash
D:2:      layout_loops_ring

Skill      XL: |  1  2  3 |
---------------+----------+-----
Long Blades    | 3 4 |  4.2
Fighting       | |  2.0
Throwing       | |  1.7
Dodging        | |  2.6

Action                   || total
-------------------------++-------
Melee: Long sword        ||    67
       Headbutt          ||    10
Armor: Leather armour    ||     2
       Ring mail         ||     2
       Plate armour      ||    55
Dodge: Dodged            ||    21
       Rpst.: Long sword ||     8

Table legend: (Time is in decaauts)
 A = Elapsed time spent in this place.
 B = Non-inter-level travel time spent in this place.
 C = Inter-level travel time spent in this place.
 D = Time resting spent in this place.
 E = Time spent auto-exploring this place.
 F = Levels seen in this place.
 G = Mean time per level.
                   A        B        C        D        E       F      G
               +--------+--------+--------+--------+--------+-----+--------+
         Total |   1053 |   1017 |     36 |      0 |    812 |   2 |  526.5 |
       Dungeon |   1053 |   1017 |     36 |      0 |    812 |   2 |  526.5 |
               +--------+--------+--------+--------+--------+-----+--------+

Top non-repeatable levels by time:
     D:1: 734 daAuts
     D:2: 318 daAuts
